 Dungeon Crawl Stone Soup version 0.29.1-2-gbd0b4ee654 (webtiles) character file.

Game seed: 17418245480700132120

165 DildoBatman the Conjurer (level 5, -4/39 HPs)
             Began as a Formicid Conjurer on Nov 25, 2022.
             Slain by a gnoll
             ... wielding a +0 whip
              (10 damage)
             ... on level 4 of the Dungeon.
             The game lasted 00:07:09 (1548 turns).

DildoBatman the Conjurer (Formicid Conjurer)        Turns: 1548, Time: 00:07:10

Health: -4/39      AC:  2    Str: 11    XL:     5   Next: 75%
Magic:  0/9        EV: 12    Int: 20    God:
Gold:   75         SH:  0    Dex: 12    Spells: 7/10 levels left

rFire   . . .      SeeInvis +   a - +2 whip (vamp)
rCold   . . .      Faith    .   (no shield)
rNeg    . . .      Spirit   .   l - +0 robe
rPois   .          Reflect  .   (helmet unavailable)
rElec   .          Harm     .   (no cloak)
rCorr   .          Rampage  .   (no gloves)
Will    .....                   (no boots)
Stlth   ++........              g - amulet of the acrobat
HPRegen 0.13/turn               (no ring)
MPRegen 0.11/turn               (no ring)

@: no status effects
A: permanent stasis, dig shafts and tunnels, antennae 3, four strong arms
a: Dig, Shaft Self


You were on level 4 of the Dungeon.
You visited 1 branch of the dungeon, and saw 4 of its levels.

You collected 105 gold pieces.
You spent 30 gold pieces at shops.

Inventory:

Hand Weapons
 a - a +2 vampiric whip (weapon)
Missiles
 h - 5 stones
 n - 3 boomerangs
Armour
 l - a +0 robe (worn)
Magical Staves
 d - a staff of fire
Jewellery
 g - an amulet of the acrobat (around neck)
Scrolls
 e - a scroll of summoning
 i - a scroll of enchant weapon
 o - a scroll of immolation
 z - 2 scrolls of identify
Potions
 b - a potion of magic
 c - a potion of heal wounds {unknown}
 f - a potion of ambrosia {unknown}
 k - a potion of cancellation {unknown}
 p - a potion of mutation {unknown}
 q - a potion of attraction {unknown}


   Skills:
 * Level 2.4 Fighting
 * Level 2.4 Armour
 - Level 2.0 Dodging
 - Level 2.4 Stealth
 * Level 3.3 Spellcasting
 * Level 4.2 Conjurations


You had 7 spell levels left.
You knew the following spells:

 Your Spells              Type           Power      Damage    Failure   Level
a - Searing Ray           Conj           40%        2d5       3%          2
c - Magic Dart            Conj           80%        1d7       2%          1

Your spell library contained the following spells:

 Spells                   Type           Power      Damage    Failure   Level
 Dazzling Flash           Conj/Hex       22%        N/A       17%         3
 Fulminant Prism          Conj/Hex       5%         3d7       50%         4
 Iskenderun's Mystic Bla  Conj/Tloc      11%        2d4       50%         4


Dungeon Overview and Level Annotations

Branches:
Dungeon (4/15)
 Temple: D:4-7

Altars:
Ashenzari

Shops:
D:1 (((*   D:3 :

Portals:
Ossuary: D:4


Innate Abilities, Weirdness & Mutations

You cannot be hasted, slowed, berserked, paralysed or teleported.
You can dig through walls and to a lower floor.
You have a pair of large antennae on your head. (SInv)
Your four strong arms can wield two-handed weapons with a shield.


Message History

The gnoll completely misses you.
You hit the gnoll.
The gnoll is severely wounded.
The gnoll barely misses you.
You hit the gnoll but do no damage.
The gnoll is severely wounded.
The gnoll hits you with a +0 spear.
You barely miss the gnoll.
The gnoll is severely wounded.
The gnoll hits you with a +0 spear.
A gnoll comes into view. It is wielding a +0 whip.
The gnoll closely misses you.
The gnoll shouts!
You hit the gnoll.
You feel better.
The gnoll is almost dead.
The gnoll hits you with a +0 spear.
Casting: Searing Ray (safe; 3% risk of failure)
Confirm with . or Enter, or press ? or * to list all spells.
Aiming: Searing Ray (safe; 3% risk of failure)
Press: ? - help, Shift-Dir - straight line, f/p - gnoll
Aim: a gnoll, wielding a +0 spear (almost dead, 81% to hit)
The searing ray hits the gnoll!
You kill the gnoll!
The searing ray hits the gnoll.
The gnoll is moderately wounded. (Press . to maintain the ray.)
The searing ray hits the gnoll!
The gnoll is severely wounded.
The searing ray hits the gnoll.
The gnoll is almost dead.
Without enough magic to sustain it, your searing ray dissipates.
The gnoll closely misses you.
You hit the gnoll but do no damage.
The gnoll is almost dead.
The gnoll hits you with a +0 whip!
You barely miss the gnoll.
The gnoll is almost dead.
The gnoll hits you with a +0 whip!
You die...

#...####......###.#
####'.###....<.....
##.......g...... #
####........... #.
##........... #..
#............ #..###
#............
#...#####............
###.@g))?....###.###.
#######..#.###..###
##..#.##......
#.............
#.............
#....#...#....##
###.###..###....
#........#....
#....#.........


You could see a gnoll.

Vanquished Creatures
  7 gnolls (D:4)
  3 adders
  A worm (D:2)
  5 orcs
  3 ball pythons
  6 endoplasms
  4 giant cockroaches
  3 goblins
  3 hobgoblins
  6 jackals
  3 quokkas
  4 bats
  5 frilled lizards
  5 kobolds
  6 rats
64 creatures vanquished.

Notes
Turn   | Place    | Note
-------+----------+-------------------------------------------
     0 | D:1      | DildoBatman the Formicid Conjurer began the quest for the
                  | Orb.
     0 | D:1      | Reached XP level 1. HP: 13/13 MP: 3/3
     5 | D:1      | Found Osyp Kioma's Weapon Shoppe.
    38 | D:1      | Found Athris's Antique Weapon Emporium.
   103 | D:1      | Found Tisun's Antique Weapon Shoppe.
   189 | D:1      | Reached XP level 2. HP: 20/20 MP: 0/5
   192 | D:1      | Learned a level 2 spell: Searing Ray
   483 | D:1      | Found Pusowop's Assorted Antiques.
   500 | D:1      | Reached skill level 1 in Armour
   505 | D:1      | Reached skill level 1 in Fighting
   505 | D:1      | Reached XP level 3. HP: 11/26 MP: 0/6
   518 | D:1      | Bought a scroll labelled SECLIP ERUASK for 30 gold pieces
   575 | D:2      | Found a broken altar of Ashenzari.
   688 | D:2      | Reached XP level 4. HP: 32/32 MP: 2/8
   697 | D:2      | You fall into a shaft and drop 1 floor!
   763 | D:3      | Reached skill level 4 in Conjurations
   883 | D:3      | Found Qazyoll's Book Boutique.
  1421 | D:4      | Found a sand-covered staircase.
  1461 | D:4      | Reached XP level 5. HP: 38/38 MP: 9/9
  1548 | D:4      | Slain by a gnoll

Illustrated notes

Levels and vault maps discovered:
D:1:      dpeg_arrival_windows_large_door, layout_basic, serial_shops,
          nicolae_shop_overgrown_old_shop, nicolae_shop_overgrown_old_shop,
          nicolae_shop_temple_entry_statues_fountains,
          nicolae_shop_advertising_works [nicolae_subvault_shop_adworks]
D:2:      cheibrodos_helix_gallery, layout_loops_cross, basic_altar
D:3:      layout_basic, serial_shops, shop
D:4:      minmay_spotlight, layout_cave_pools, mainiacjoe_overflow_boulevard,
          nicolae_ossuary_entry_false_entrances

Skill      XL: |  1  2  3  4  5 |
---------------+----------------+-----
Dodging        | 2 |  2.0
Armour         | 1 2 |  2.4
Fighting       | 1 2 |  2.4
Conjurations   | 4 |  4.2
Spellcasting   | 3 |  3.3
Stealth        | |  2.4

Action                   |  1- 3 |  4- 6 || total
-------------------------+-------+-------++-------
Melee: Staff             |    35 |       ||    35
       Punch             |     1 |       ||     1
       Whip              |    21 |    46 ||    67
 Cast: Magic Dart        |    30 |    16 ||    46
       Searing Ray       |     3 |     7 ||    10
  Use: Scroll            |       |     5 ||     5
 Stab: Sleeping          |     3 |       ||     3
Armor: Robe              |    11 |     6 ||    17
Dodge: Dodged            |    40 |    43 ||    83
